 Dungeon Crawl Stone Soup version 0.29.1-13-g9f3cf754e1 (webtiles) character file.

Game seed: 777280290929570365

11 MacCMillion the Stinger (level 2, 22/22 HPs)
             Began as a Naga Venom Mage on Feb 11, 2023.
             Quit the game on level 1 of the Dungeon.
             The game lasted 00:00:49 (695 turns).

MacCMillion the Stinger (Naga Venom Mage)            Turns: 695, Time: 00:00:50

Health: 22/22      AC:  1    Str: 10    XL:     2   Next: 29%
Magic:  2/5        EV: 10    Int: 15    God:
Gold:   11         SH:  0    Dex: 11    Spells: 2/5 levels left

rFire   . . .      SeeInvis +   d - +0 short sword
rCold   . . .      Faith    .   (no shield)
rNeg    . . .      Spirit   .   a - +0 robe
rPois   +          Reflect  .   (no helmet)
rElec   .          Harm     .   (no cloak)
rCorr   .          Rampage  .   (no gloves)
Will    .....                   (no barding)
Stlth   ++........              (no amulet)
HPRegen 0.07/turn               (no ring)
MPRegen 0.09/turn               (no ring)

@: very slow
A: AC +0, large, see invisible, deformed body, poison resistance, slowness 2,
spit poison 1, naga tail 1
a: Spit Poison


You were on level 1 of the Dungeon.
You visited 1 branch of the dungeon, and saw 1 of its levels.

You collected 11 gold pieces.

Inventory:

Hand Weapons
 d - a +0 short sword (weapon)
Armour
 a - a +0 robe (worn)
Potions
 b - a potion of magic
 c - a potion of curing {unknown}


   Skills:
 - Level 1.7 Dodging
 - Level 3.3 Stealth
 - Level 2.1 Spellcasting
 - Level 1.3 Transmutations
 + Level 4.2 Poison Magic


You had 2 spell levels left.
You knew the following spells:

 Your Spells              Type           Power      Damage    Failure   Level
a - Sting                 Tmut/Pois      36%        1d4       7%          1
b - Poisonous Vapours     Pois/Air       14%        N/A       14%         2

Your spell library contained the following spells:

 Spells                   Type           Power      Damage    Failure   Level
 Mephitic Cloud           Conj/Pois/Air  5%         N/A       36%         3
 Olgreb's Toxic Radiance  Pois           14%        N/A       36%         4


Dungeon Overview and Level Annotations

Branches:
Dungeon (1/15)

Altars:


Innate Abilities, Weirdness & Mutations

Your serpentine skin is tough. (AC +0)
You have supernaturally acute eyesight. (SInv)
Armour fits poorly on your strangely shaped body.
Your system is resistant to poisons. (rPois)
You cover ground very slowly.
You can spit poison.
You have a snake-like lower body.


Message History

You start resting.
Magic restored.
You start resting.
HP restored.
A kobold comes into view. It is wielding a +0 whip.
The kobold shouts!
A kobold is nearby!
The sting hits the kobold.
The kobold is poisoned.
The kobold is severely wounded.
The kobold throws a stone.
The stone hits you.
The sting hits the kobold.
The kobold looks even sicker.
You kill the kobold!
You have reached level 2!
A rat comes into view.
A rat is nearby!
The sting hits the rat.
The rat is poisoned.
The rat is heavily wounded.
You kill the rat!
You start resting.
Magic restored.
You start waiting.
Done waiting.
Things that are here:
a +0 whip; a stone; a kobold corpse A dart slug comes into view.
There is an open door here.
A dart slug is nearby!
The sting hits the dart slug.
The dart slug is poisoned.
The dart slug is heavily wounded.
A kobold comes into view. It is wielding a +0 dagger.
The sting hits the dart slug.
The dart slug looks even sicker.
You kill the dart slug!
The kobold shouts!
The sting hits the kobold.
The kobold is poisoned.
The kobold is heavily wounded.
You kill the kobold!
Memorise Poisonous Vapours, consuming 2 spell levels and leaving 2?
You start memorising the spell.
You continue memorising. x2
You finish memorising.
Spell assigned to 'b'.
Are you sure you want to abandon this character and quit the game? (Confirm with "yes".)

#######
#########.....###
........'@..).'..
#######.#.....###
#.#.....#
#.#.....#
#.#.....#
#.####### #.# #.#
#.# #.#


There were no monsters in sight!

Vanquished Creatures
  A dart slug (D:1)
  A hobgoblin (D:1)
  4 kobolds (D:1)
  A ball python (D:1)
  2 rats (D:1)
9 creatures vanquished.

Notes
Turn   | Place    | Note
-------+----------+-------------------------------------------
     0 | D:1      | MacCMillion the Naga Venom Mage began the quest for the
                  | Orb.
     0 | D:1      | Reached XP level 1. HP: 15/15 MP: 3/3
   511 | D:1      | Reached XP level 2. HP: 20/22 MP: 1/5
   695 | D:1      | Learned a level 2 spell: Poisonous Vapours
   695 | D:1      | Quit the game

Illustrated notes

Levels and vault maps discovered:
D:1:      mrwooster_arrival_statue, layout_basic

Action                   || total
-------------------------++-------
Melee: Unarmed           ||     7
 Cast: Sting             ||    15
Dodge: Dodged            ||     6
